AoeStats
← Nopec

Nomad

507918832Analyzed
4v4 RM · 13d ago on Sep 20, 2026· 65m 17s· 8 players
Game mode
Random Map
Map size
231×231
Population
200
Speed
Normal
Resources
Standard
Victory
Conquest
Starting age
Dark Age
Ending age
Imperial Age
RankedLock teamsTeams togetherTeam positionsShared explorationLock speedFull tech treeHidden civsTurbo modeCheats
Victory
Defeat
🇨🇳 Celts · China
892
+12
🇮🇳 Vietnamese · India
850
+14
🇨🇳 Malay · China
831
+14
🇩🇪 Persians · Germany
793
+16
🇺🇸 Japanese · United States
836
-15
🇺🇸 Vikings · United States
835
-16
🇲🇽 Romans · Mexico
767
-13
🇩🇪 Georgians · Germany
755
-12
Nopec
7:55 Loom
15:00 Feudal Age
19:45 Castle Age
19:40 Stone Mining
19:38 Double-Bit Axe
19:36 Horse Collar
19:42 Fishing Lines
24:17 Bow Saw
24:00 Gold Mining
26:13 Gillnets
29:23 Wheelbarrow
28:33 Town Watch
30:43 Ballistics
30:19 Murder Holes
30:20 Fletching
30:35 Scale Barding Armor
31:23 Forging
32:47 Svan Towers
32:45 Bodkin Arrow
33:25 Heavy Plow
35:11 Hand Cart
39:46 Imperial Age
37:28 Town Patrol
37:41 Masonry
37:11 Treadmill Crane
37:42 Fortified Wall
38:16 Chain Barding Armor
38:42 Iron Casting
38:46 Bloodlines
38:42 Husbandry
38:47 Pikeman
39:28 Squires
39:13 Arson
39:39 Scale Mail Armor
41:34 Conscription
43:09 Chemistry
42:54 Siege Engineers
44:22 Halberdier
45:23 Chain Mail Armor
46:09 Blast Furnace
44:50 Elite Monaspa
46:40 Onager
46:44 Heavy Scorpion
ERIKXG20
3:50 Loom
14:46 Feudal Age
19:02 Double-Bit Axe
22:10 Fishing Lines
24:42 Castle Age
26:53 Wheelbarrow
26:34 Bow Saw
28:29 Town Watch
28:51 Fletching
28:57 Gillnets
30:01 Ballistas
31:29 Pikeman
32:09 Squires
36:45 Imperial Age
34:50 Ballistics
36:33 Forging
36:24 Scale Mail Armor
37:00 Capped Ram
41:01 Heavy Scorpion
44:42 Horse Collar
47:45 Hand Cart
48:22 Heavy Plow
49:43 Conscription
62:20 Halberdier
Formidable Bacon
5:11 Loom
16:46 Feudal Age
17:02 Man-at-Arms
28:01 Castle Age
26:24 Fletching
28:36 Crossbowman
29:32 Double-Bit Axe
33:02 Bodkin Arrow
34:37 Bow Saw
48:23 Imperial Age
46:14 Horse Collar
49:24 Town Watch
50:40 Heavy Plow
53:39 Long Swordsman
56:34 Two-Handed Swordsman
57:19 Scale Mail Armor
HONOS
6:21 Loom
17:52 Feudal Age
19:10 Wheelbarrow
18:30 Stone Mining
18:29 Double-Bit Axe
22:35 Forging
25:00 Castle Age
23:02 Arson
23:30 Fletching
23:42 Scale Mail Armor
23:48 Man-at-Arms
25:53 Squires
27:40 Hand Cart
28:31 Fishing Lines
36:17 Gold Mining
36:52 Yasama
38:39 Bow Saw
44:16 Gold Shaft Mining
45:17 Gillnets
50:17 Bodkin Arrow
51:41 Medium Warships
52:27 Long Swordsman
55:10 Pikeman
56:34 Guard Tower
56:40 Murder Holes
56:56 Masonry
57:39 Ballistics
58:09 Treadmill Crane
59:47 Fortified Wall
63:08 Imperial Age
61:19 Iron Casting
61:33 Chain Mail Armor
61:19 Padded Archer Armor
61:25 Gambesons
64:31 Clinker Construction
64:31 Careening
sandy
5:47 Loom
14:59 Feudal Age
16:11 Double-Bit Axe
20:47 Castle Age
18:57 Horse Collar
19:10 Stone Mining
19:43 Bloodlines
20:09 Gold Mining
22:26 Wheelbarrow
22:29 Bow Saw
23:03 Heavy Plow
28:59 Ballistics
28:50 Masonry
30:18 Scale Barding Armor
30:24 Forging
34:16 Imperial Age
32:44 Murder Holes
34:00 Squires
33:20 Pikeman
34:19 Husbandry
34:52 Cavalier
35:56 Chain Barding Armor
37:36 Halberdier
38:22 Scale Mail Armor
38:58 Iron Casting
38:59 Plate Barding Armor
39:08 Savar
41:37 Blast Furnace
42:37 Chain Mail Armor
42:40 Fletching
42:51 Padded Archer Armor
45:36 Bodkin Arrow
45:57 Leather Archer Armor
46:13 Plate Mail Armor
49:41 Ring Archer Armor
51:05 Conscription
findsarfaraz
4:05 Loom
16:05 Feudal Age
16:35 Double-Bit Axe
16:40 Fishing Lines
19:45 Gold Mining
20:40 Forging
20:38 Padded Archer Armor
21:44 Scale Mail Armor
27:11 Castle Age
27:14 Pikeman
31:00 Horse Collar
34:11 Heavy Plow
35:53 Wheelbarrow
40:08 Imperial Age
38:29 Hand Cart
38:36 Chain Mail Armor
42:56 Chemistry
42:31 Paper Money
42:58 Crop Rotation
42:41 Arson
42:57 Squires
43:53 Paper Money
43:42 Elite Fire Lancer
45:10 Elite Fire Lancer
46:49 Plate Mail Armor
46:55 Iron Casting
47:18 Ballistics
47:43 Heated Shot
51:00 Chatras
53:25 Bloodlines
53:40 Scale Barding Armor
56:28 Halberdier
62:39 Bow Saw
61:58 Elite Rattan Archer
63:37 Siege Engineers
63:28 Murder Holes
65:04 Fletching
65:29 Leather Archer Armor
158889596
13:21 Loom
15:26 Feudal Age
19:36 Double-Bit Axe
20:37 Fletching
22:55 Padded Archer Armor
27:11 Castle Age
25:13 Fishing Lines
33:12 Wheelbarrow
36:45 Hand Cart
39:52 Gillnets
43:41 Stone Mining
43:44 Gold Mining
44:57 Horse Collar
47:24 Bow Saw
47:20 Heavy Plow
48:17 Gold Shaft Mining
49:01 Husbandry
52:06 Imperial Age
49:51 Forging
49:54 Scale Barding Armor
49:52 Town Watch
51:08 Iron Casting
51:13 Stone Shaft Mining
51:42 Town Patrol
52:13 Crop Rotation
53:52 Conscription
54:38 Blast Furnace
54:22 Coinage
54:18 Elite Battle Elephant
56:00 Bodkin Arrow
58:00 Banking
fudychiji
15:53 Feudal Age
22:23 Castle Age
21:08 Horse Collar
21:45 Fishing Lines
22:38 Double-Bit Axe
24:45 Stone Mining
24:45 Gold Mining
26:30 Stone Shaft Mining
26:16 Loom
46:15 Imperial Age
44:25 Wheelbarrow
43:35 Town Watch
45:29 Scale Mail Armor
45:39 Forging
47:50 Conscription
48:57 Capped Ram
50:00 Elite Woad Raider
51:39 Chain Mail Armor
52:00 Iron Casting
53:44 Furor Celtica
54:21 Heavy Plow
54:58 Siege Ram
56:56 Plate Mail Armor
57:26 Blast Furnace
Connection lost

Rejoining the realm…

Still unreachable

The connection could not be restored.

Session expired

The server has moved on; the page needs a fresh start.